 Dungeon Crawl Stone Soup version 0.29.1-12-g30fa7ad0bf (webtiles) character file.

Game seed: 4124007470312514978

852 kingsuperguy the Cudgeller (level 8, 0/108 HPs)
             Began as a Gargoyle Fighter on Dec 20, 2022.
             Was a Follower of Okawaru.
             Slain by a gnoll bouda
             ... wielding a +0 whip
              (5 damage)
             ... on level 5 of the Dungeon.
             The game lasted 00:07:56 (4915 turns).

kingsuperguy the Cudgeller (Gargoyle Fighter)       Turns: 4915, Time: 00:07:57

Health: 0/108      AC: 24    Str: 27 (28) XL:     8   Next: 1%
Magic:  8/8        EV:  2    Int:  6 (9)  God:    Okawaru [*.....]
Gold:   298        SH:  4    Dex:  7 (9)  Spells: 7/7 levels left

rFire   . . .      SeeInvis .   a - +0 flail
rCold   . . .      Faith    +   c - +0 buckler
rNeg    + . .      Spirit   .   (body armour currently unavailable)
rPois   ∞          Reflect  .   (helmet currently unavailable)
rElec   .          Harm     .   (cloak currently unavailable)
rCorr   .          Rampage  .   (gloves currently unavailable)
Will    .....      NoTele   +   (boots currently unavailable)
Stlth   ..........              t - amulet of faith
HPRegen 0.28/turn               v - +6 ring of strength
MPRegen 0.11/turn               (no ring)

@: mighty, berserking, tree-form, hasted, very quick
A: stationary, stasis, torment immunity, boosted hp, sickness immunity, AC +5,
negative energy resistance 1, (electricity resistance), torment resistance 1,
petrification resistance
a: Renounce Religion, Heroism


You were on level 5 of the Dungeon.
You worshipped Okawaru.
Okawaru was aware of your devotion.
You were a tree.
You visited 1 branch of the dungeon, and saw 6 of its levels.

You collected 328 gold pieces.
You spent 30 gold pieces at shops.

Inventory:

Hand Weapons
 a - a +0 flail (weapon)
Missiles
 A - 3 javelins (quivered)
Armour
 b - a +0 scale mail (melded)
 c - a +0 buckler (worn)
 h - a +0 pair of boots (melded)
 m - a +2 cloak (melded)
Jewellery
 t - an amulet of faith (around neck)
 v - a +6 ring of strength (left branch)
Wands
 B - a wand of iceblast (8)
Scrolls
 f - a scroll of torment {unknown}
 g - 6 scrolls of identify {unknown}
 i - a scroll of immolation {unknown}
 k - 2 scrolls of vulnerability {unknown}
 s - 2 scrolls of teleportation {unknown}
 w - a scroll of brand weapon {unknown}
 y - a scroll of silence {unknown}
Potions
 j - 3 potions of flight {unknown}
 l - 2 potions of haste
 n - a potion of lignification
 o - 3 potions of mutation {unknown}
 p - 7 potions of curing {unknown}
 r - a potion of attraction {unknown}
 x - a potion of cancellation {unknown}


   Skills:
 + Level 4.6 Fighting
 + Level 6.0 Maces & Flails
 + Level 4.9 Armour
 + Level 2.9 Dodging
 + Level 1.0 Stealth
 + Level 4.3 Shields


You had 7 spell levels left.
You didn't know any spells.
Your spell library was empty.

Dungeon Overview and Level Annotations

Branches:
Dungeon (6/15)             Temple (0/1) D:6

Altars:
Dithmenos
Okawaru
Trog

Shops:
D:2 *


Innate Abilities, Weirdness & Mutations

You are a tree.
Your roots penetrate the ground, keeping you stationary.
You cannot be teleported.
You are immune to unholy pain and torment.
Your maximum health is greatly increased.
Your equipment is partially melded.
You are immune to sickness and miasma.
((Your stone body is resilient. (AC +5)))
You are immune to poison.
You resist negative energy. (rN+)
((You are resistant to electric shocks. (rElec)))
You are resistant to unholy torment.
You are immune to petrification.


Message History

You have reached level 8!
You feel clever.
It was a potion of magic.
Magic courses through your body.
The scorpion stings you but does no damage.
Something hits you but does no damage. The gnoll hits you but does no damage.
The gnoll bouda hits you but does no damage.
The gnoll barely misses you.
It was a potion of haste.
You feel yourself speed up. The scorpion stings you.
* * * LOW HITPOINT WARNING * * *
You hear some strange, mumbled words.
Something tries to affect you, but you resist.
You block the gnoll bouda's attack.
The gnoll hits you but does no damage. x2
It was a potion of degeneration.
There was something very wrong with that liquid.
You feel weakened.
You feel dopey.
You feel clumsy.
The scorpion stings you but does no damage.
The gnoll hits you from afar with a +1 spear of freezing.
* * * LOW HITPOINT WARNING * * *
The gnoll freezes you.
* * * LOW HITPOINT WARNING * * *
Something hits you but does no damage. The gnoll bouda barely misses you.
It was a potion of berserk rage.
A red film seems to cover your vision as you go berserk!
You feel yourself moving faster!
You feel mighty! The gnoll hits you but does no damage.
The scorpion completely misses you.
You thump the gnoll!
You kill the gnoll!
Okawaru accepts your kill. The gnoll hits you but does no damage.
Something hits you but does no damage.
The gnoll bouda hits you but does no damage.
The scorpion stings you.
* * * LOW HITPOINT WARNING * * *
You completely miss the necrophage. You block the necrophage's attack.
The gnoll hits you from afar with a +1 spear of freezing.
* * * LOW HITPOINT WARNING * * *
The gnoll freezes you.
* * * LOW HITPOINT WARNING * * *
Something hits you but does no damage.
The gnoll bouda hits you with a +0 whip.
You die...

#?.# ##.# #..# ##
#.#.# .. ###.# .#
#.### .# #...# .#
#. ###.###s##....
######..{♣....#
.........ng.##...#
.######.g#### .
#..#####...
#..........
###.####..# #g#
#.# #g#


You could see a necrophage, a gnoll bouda, a scorpion and a gnoll (swift).

Vanquished Creatures
  An ogre (D:4)
  A phantom (D:5)
  A necrophage (D:4)
  A bullfrog (D:5)
  Crazy Yiuf (D:2)
  2 hounds (D:4)
  6 iguanas
  Natasha (thrice) (D:2)
  5 gnolls
  8 adders
  An ufetubus (D:4)
  A worm (D:3)
  A dart slug (D:2)
  9 orcs (D:3)
  8 bats
  8 endoplasms
  9 giant cockroaches
  9 goblins
  13 hobgoblins
  6 jackals
  8 kobolds
  2 quokkas
  8 ball pythons
  6 frilled lizards
  8 rats
126 creatures vanquished.

Notes
Turn   | Place    | Note
-------+----------+-------------------------------------------
     0 | D:1      | kingsuperguy the Gargoyle Fighter began the quest for the
                  | Orb.
     0 | D:1      | Reached XP level 1. HP: 14/14 MP: 1/1
   247 | D:1      | Reached XP level 2. HP: 19/19 MP: 2/2
   660 | D:1      | Reached XP level 3. HP: 22/23 MP: 3/3
  1247 | D:2      | Found Fumung's General Store.
  1250 | D:2      | Bought a potion of lignification for 30 gold pieces
  1291 | D:2      | Found a runed translucent door.
  1292 | D:2      | Noticed Crazy Yiuf
  1325 | D:2      | Reached skill level 1 in Dodging
  1361 | D:2      | Reached XP level 4. HP: 28/28 MP: 4/4
  1573 | D:2      | Noticed Natasha
  1585 | D:2      | Killed Natasha
  1586 | D:2      | Reached skill level 3 in Maces & Flails
  1788 | D:2      | Noticed Natasha
  1808 | D:2      | Killed Natasha
  1809 | D:2      | Reached XP level 5. HP: 9/33 MP: 5/5
  1985 | D:2      | Noticed Natasha
  1991 | D:2      | Killed Natasha
  2249 | D:2      | Killed Crazy Yiuf
  2250 | D:2      | Reached skill level 4 in Maces & Flails
  2396 | D:3      | Found an iron altar of Okawaru.
  2461 | D:3      | Became a worshipper of Warmaster Okawaru
  2553 | D:3      | Reached XP level 6. HP: 38/38 MP: 6/6
  3175 | D:4      | Found a shadowy altar of Dithmenos.
  3211 | D:4      | Found a bloodstained altar of Trog.
  3242 | D:4      | Reached skill level 1 in Stealth
  3922 | D:4      | Reached XP level 7. HP: 43/43 MP: 7/7
  3924 | D:4      | Reached * piety under Okawaru
  4014 | D:4      | Reached skill level 5 in Maces & Flails
  4652 | D:5      | Entered Level 5 of the Dungeon
  4810 | D:6      | Found a staircase to the Ecumenical Temple.
  4905 | D:5      | Reached skill level 6 in Maces & Flails
  4910 | D:5      | Reached XP level 8. HP: 18/48 MP: 8/8
  4915 | D:5      | HP: 5/108 [gnoll/+1 spear of freezing[a gnoll bouda] (1)]
  4915 | D:5      | Slain by a gnoll bouda

Illustrated notes

Levels and vault maps discovered:
D:1:      eino_arrival_cavern_b, layout_basic, amethyst_killhole,
          minmay_misc_feat_room, skrybe_limestone_x, minmay_crystal_water,
          minmay_rat_gold_closets
D:2:      layout_loops_ring, serial_shops, shop, serial_aquarium,
          aquarium_bridge_square [aquarium_subvault_bridge,
          aquarium_subvault_wall, aquarium_subvault_bridge,
          aquarium_subvault_wall], aquarium_window_corridor_2,
          aquarium_window_2, aquarium_window_corner, aquarium_view_2c,
          aquarium_view_2e, aquarium_pool_five, cheibrodos_gnoll_hut,
          uniq_natasha, uniq_crazy_yiuf_cottage
D:3:      layout_rooms, mainiacjoe_overflow_six_doors_small, wad_orctagon
D:4:      kennysheep_six_static_rooms, layout_basic, lightli_temple_of_fire,
          mainiacjoe_overflow_cross_hatched, serial_corexii_hall,
          chequers_hall_statues_corner_a, corexii_hall_statues_i, minivault_19
D:5:      layout_loops_ring, nemelex_xobeh_ov_fountains_minmay,
          lemuel_doored_altar, old_standard_altar, enter_ossuary_3,
          minmay_misc_feat_chi, uniq_grinder
D:6:      layout_rooms, minmay_temple_entry_junction,
          gammafunk_ghost_nasty_kobolds

Skill      XL: |  1  2  3  4  5  6  7 |
---------------+----------------------+-----
Dodging        | 1 2 |  2.9
Maces & Flails | 3 4 6 |  6.0
Armour         | 4 |  4.9
Fighting       | 4 |  4.6
Stealth        | 1 |  1.0
Shields        | 4 |  4.3

Action                   |  1- 3 |  4- 6 |  7- 9 || total
-------------------------+-------+-------+-------++-------
Melee: Flail             |   122 |   245 |   137 ||   504
  Use: Potion            |       |       |     7 ||     7
 Stab: Invisible         |       |     1 |       ||     1
Armor: Scale mail        |    59 |   137 |    86 ||   282
       Skin              |       |       |    32 ||    32
Dodge: Dodged            |    71 |   120 |    71 ||   262
Block: Buckler           |    21 |    53 |    42 ||   116
